 Dungeon Crawl Stone Soup version 0.24.0-13-gcf9b3192b9 (webtiles) character file.

Game seed: 16464780650961935608, levelgen mode: deterministic

586 Delamore the Cleaver (level 7, 0/57 HPs)
             Began as a Hill Orc Fighter on Nov 10, 2019.
             Succumbed to a scorpion's poison
             ... on level 4 of the Dungeon.
             The game lasted 00:05:03 (2798 turns).

Delamore the Cleaver (Hill Orc Fighter)             Turns: 2798, Time: 00:05:04

Health: 0/57       AC:  8    Str: 21    XL:     7   Next: 37%
Magic:  16/16      EV: 12    Int:  8    God:
Gold:   165        SH:  9    Dex: 15    Spells: 6/6 levels left

rFire    . . .     SeeInvis .   l - +4 spear
rCold    . . .     Gourm    .   c - +0 shield
rNeg     + . .     Faith    .   j - +0 scale mail {rN+}
rPois    .         Spirit   .   (no helmet)
rElec    .         Reflect  .   (no cloak)
rCorr    .         Harm     .   h - +0 pair of gloves
MR       .....                  (no boots)
Stlth    +.........             (no amulet)
HPRegen  0.19/turn              k - ring of magical power
MPRegen  0.15/turn              (no ring)

@: agile, lethally poisoned (0 -> -2), berserk cooldown, flying, slowed, very
slow
A: no striking features
a: no special abilities


You were on level 4 of the Dungeon.
You were very hungry.

You visited 1 branch of the dungeon, and saw 4 of its levels.

You collected 165 gold pieces.

Inventory:

Hand Weapons
 a - a +0 war axe
 l - a +4 spear (weapon)
Armour
 c - a +0 shield (worn)
 h - a +0 pair of gloves (worn)
 j - a +0 scale mail of positive energy (worn)
Jewellery
 k - a ring of magical power (left hand)
 q - an uncursed ring of flight {unknown}
Scrolls
 b - 3 scrolls of identify {unknown}
 e - 2 scrolls of teleportation {unknown}
 i - a scroll of fear {unknown}
 m - 2 scrolls of remove curse {unknown}
 p - 2 scrolls of noise {unknown}
 r - a scroll of fog {unknown}
Potions
 d - a potion of might
 o - a potion of agility
Comestibles
 f - 7 rations


   Skills:
 - Level 3.6 Fighting
 + Level 10.3 Axes
 - Level 3.2 Armour
 - Level 3.2 Shields


You had 6 spell levels left.
You didn't know any spells.
Your spell library was empty.

Dungeon Overview and Level Annotations

Branches:
Dungeon (4/15)
 Temple: D:4-7

Altars:
Ashenzari
Dithmenos
Uskayaw
Yredelemnul

Shops:
D:4 *


Message History

* * * LOW HITPOINT WARNING * * *
You feel sick.
Found Culih's Serpentskin Sales.
Items here: ))) ?? ††††
* * * LOW HITPOINT WARNING * * *
You feel sick.
* * * LOW HITPOINT WARNING * * *
You feel sick.
* * * LOW HITPOINT WARNING * * *
You feel sick.
There is an open door here.
* * * LOW HITPOINT WARNING * * *
You feel sick.
There is an entrance to Culih's Serpentskin Sales here.
There is a lethal amount of poison in your body!
There is a lethal amount of poison in your body!
There is a lethal amount of poison in your body!
* * * LOW HITPOINT WARNING * * *
You feel sick.
You die...

#. #.# .. #.#
# #. #.#
##.##.######.#
#.......)†...#
#..##...######
###'## #...#
#.@.# #...#
##+##


There were no monsters in sight!

Vanquished Creatures
  2 water moccasins (D:4)
  A centaur (D:3)
  A scorpion (D:4)
  2 orc priests (D:3)
  A bullfrog skeleton (D:4)
  8 gnolls
  2 worms
  A dart slug (D:1)
  2 leopard geckos
  8 orcs
  6 bats
  6 giant cockroaches
  5 hobgoblins
  4 jackals (D:1)
  A quokka (D:3)
  2 ball pythons (D:2)
  9 frilled lizards
  3 goblins
  5 kobolds
  8 rats
  A spectral orc (D:2)
78 creatures vanquished.

Notes
Turn   | Place    | Note
-------+----------+-------------------------------------------
     0 | D:1      | Delamore the Hill Orc Fighter began the quest for the Orb.
     0 | D:1      | Reached XP level 1. HP: 19/19 MP: 1/1
     6 | D:1      | Reached skill level 3 in Axes
    70 | D:1      | Reached XP level 2. HP: 17/26 MP: 2/2
    93 | D:1      | Reached skill level 4 in Axes
   425 | D:2      | Found a shattered altar of Ashenzari.
   449 | D:2      | Reached XP level 3. HP: 31/31 MP: 3/3
   746 | D:2      | Reached skill level 5 in Axes
   784 | D:2      | Reached XP level 4. HP: 18/39 MP: 4/4
   795 | D:2      | Reached skill level 6 in Axes
   950 | D:2      | Found a hide-covered altar of Uskayaw.
   998 | D:2      | Found a basalt altar of Yredelemnul.
  1245 | D:3      | Found a shadowy altar of Dithmenos.
  1334 | D:3      | Noticed a centaur
  1340 | D:3      | Killed a centaur
  1340 | D:3      | Reached skill level 7 in Axes
  1340 | D:3      | Reached XP level 5. HP: 35/45 MP: 5/5
  1959 | D:3      | Reached skill level 8 in Axes
  1988 | D:3      | Reached XP level 6. HP: 51/51 MP: 6/6
  2739 | D:4      | Noticed a water moccasin
  2750 | D:4      | Noticed a water moccasin
  2753 | D:4      | Killed a water moccasin
  2753 | D:4      | Reached skill level 9 in Axes
  2774 | D:4      | Killed a water moccasin
  2774 | D:4      | Reached skill level 10 in Axes
  2774 | D:4      | Reached XP level 7. HP: 27/57 MP: 7/7
  2791 | D:4      | Found Culih's Serpentskin Sales.
  2794 | D:4      | HP: 2/57 [poisoned by a scorpion]
  2798 | D:4      | Succumbed to a scorpion's poison

Levels and vault maps discovered:
D:1:      dpeg_arrival_arbitrary_c, layout_rooms
D:2:      layout_loops_ring, yredelemnul_forgotten_temple_becter,
          eat_drink_and_be_merry_uskayaw, minmay_misc_feat_doors, hex_large,
          ashenzari_altar_1
D:3:      layout_basic, nicolae_dithmenos_shadow_blocks
D:4:      layout_loops_ring, minmay_temple_entry_statues_fountains,
          guppyfry_shop_venom

Skill      XL: |  1  2  3  4  5  6 |
---------------+-------------------+-----
Axes           | 3 4 5 7 8 10 | 10.3
Fighting       | |  3.6
Armour         | |  3.2
Shields        | |  3.2

Action                   |  1- 3 |  4- 6 |  7- 9 || total
-------------------------+-------+-------+-------++-------
Melee: War axe           |    95 |     8 |       ||   103
       Spear             |       |   141 |     7 ||   148
  Use: Potion            |       |       |     3 ||     3
  Eat: Chunk             |       |     5 |       ||     5
Armor: Scale mail        |    53 |    29 |     1 ||    83
Dodge: Dodged            |    39 |    25 |     1 ||    65
Block: Shield            |    70 |    66 |     3 ||   139
